Map: Automaton LE

Players

Madcoat

  • Race: Protoss Protoss
  • League: Gold
  • Spawn Location: 9:00

Duceman - Winner!

  • Race: Protoss Protoss
  • League: Gold
  • Spawn Location: 3:00

VOD

Have the link to the VOD?

Description

Time

  • Played on: Feb. 21, 2019, 9:59 p.m.
  • Length: 21:56
Show
View Real Time Build Order
Export as new Build Order

Madcoat Protoss 

Build Orders:  

Get SALT Encoding   

  12  0:00  Probe  
  13  0:13  Probe  
  14  0:20  Pylon  
  14  0:25  Probe  
  15  0:35  Probe  
  16  0:43  Probe  
  16  0:45  Gateway  
  17  0:54  Probe, Assimilator  
  18  1:06  Probe  
  19  1:12  Gateway  
  19  1:18  Probe  
  19  1:20  Assimilator  
  20  1:30  Probe  
  21  1:35  Cybernetics Core  
  21  1:40  Pylon  
  21  1:42  Probe  
  22  1:54  Probe  
  23  2:12  Warp Gate, Probe  
  23  2:14  Adept x2  
  28  2:26  Probe  
  28  2:34  Probe, Pylon  
  30  2:44  Probe  
  31  2:54  Nexus  
  31  3:07  Probe  
  31  3:08  Robotics Facility  
  31  3:11  Sentry  
  34  3:19  Probe  
  34  3:40  Pylon  
  34  3:43  Assimilator  
  34  3:45  Probe  
  34  3:48  Assimilator  
  35  3:58  Probe  
  36  4:10  Probe x2  
  36  4:16  Observer  
  39  4:22  Probe x2  
  41  4:25  Robotics Bay  
  41  4:29  Twilight Council, Forge  
  41  4:39  Pylon  
  41  4:42  Stalker x2  
  45  5:00  Pylon  
  45  5:01  Gateway  
  45  5:02  Gateway  
  45  5:04  Probe  
  45  5:05  Probe  
  45  5:13  Probe x2  
  47  5:14  Protoss Ground Weapons Level 1  
  47  5:15  Extended Thermal Lance  
  47  5:17  Charge  
  49  5:22  Probe x2  
  51  5:31  Shield Battery  
  51  5:34  Photon Cannon, Probe x2  
  53  5:44  Stalker  
  53  5:45  Stalker  
  53  5:46  Probe x2  
  53  5:48  Observer  
  56  6:11  Probe x2  
  56  6:15  Zealot  
  56  6:16  Zealot x3  
  66  6:23  Probe  
  66  6:24  Shield Battery  
  67  6:25  Photon Cannon  
  67  6:37  Colossus  
  67  6:45  Probe x2  
  69  6:49  Nexus  
  75  7:00  Protoss Ground Weapons Level 2  
  73  7:19  Gravitic Boosters  
  73  7:21  Stalker x2  
  77  7:27  Pylon  
  77  7:29  Pylon  
  77  7:38  Blink  
  77  7:45  Colossus  
  77  7:49  Assimilator  
  77  7:52  Probe x2  
  77  7:54  Assimilator  
  77  7:57  Pylon  
  77  7:58  Probe  
  85  8:00  Pylon, Probe  
  85  8:04  Probe  
  88  8:06  Probe  
  88  8:08  Probe  
  90  8:15  Probe  
  90  8:17  Probe  
  92  8:23  Stalker x4  
  100  8:31  Gateway x2  
  100  8:32  Gateway  
  100  8:35  Probe x2, Shield Battery  
  100  8:36  Photon Cannon, Probe  
  100  8:37  Gateway  
  103  8:43  Probe x2  
  103  8:44  Probe  
  106  8:50  Stalker x2  
  106  8:51  Stalker  
  112  8:57  Templar Archives  
  112  9:01  Dark Shrine  
  112  9:06  Observer  
  113  9:23  Stalker  
  113  9:24  Stalker x3  
  121  9:25  Gateway  
  121  9:31  Gateway  
  121  9:33  Gateway  
  121  9:51  Protoss Ground Weapons Level 3  
  121  9:52  High Templar x2  
  125  9:56  Nexus, Pylon x2  
  125  9:57  Psionic Storm  
  125  9:58  Pylon  
  125  9:59  Archon  
  125  10:00  Assimilator  
  125  10:04  Assimilator  
  125  10:05  Pylon  
  125  10:09  Pylon  
  125  10:14  Forge  
  125  10:18  Stargate  
  125  10:19  Stargate  
  125  10:21  Stargate  
  125  10:41  Shield Battery, High Templar x3  
  131  10:43  Photon Cannon  
  131  11:04  High Templar x3  
  131  11:05  Protoss Ground Armor Level 1  
  131  11:08  Protoss Air Weapons Level 1  
  137  11:11  Colossus  
  137  11:15  Probe x4  
  147  11:59  Warp Prism  
  147  12:04  Zealot x5  
  147  12:05  Zealot x5  
  169  12:14  Robotics Facility  
  169  12:15  Fleet Beacon  
  169  12:42  Photon Cannon x2  
  169  12:44  Photon Cannon  
  169  12:45  Photon Cannon, High Templar x4  
  169  12:46  Shield Battery x2, High Templar  
  169  12:48  Shield Battery  
  169  12:50  Shield Battery  
  179  13:16  Protoss Air Weapons Level 2  
  179  13:19  Protoss Ground Armor Level 2  
  179  13:20  Protoss Shields Level 1  
  179  13:21  Resonating Glaives  
  179  13:28  Pylon  
  179  13:29  Pylon  
  179  13:41  Colossus  
  179  13:43  Pylon  
  179  13:45  Pylon  
  179  13:46  Mothership  
  193  14:14  Gateway  
  193  14:18  Gateway x2  
  193  14:21  Gateway  
  165  14:24  Nexus  
  125  14:32  Zealot x6  
  125  14:33  Zealot x4  
  81  14:53  Zealot  
  81  14:54  Zealot x5  
  81  14:55  Zealot x5  
  81  15:16  Zealot x8  
  81  15:17  Zealot x3  
  96  15:33  Assimilator  
  80  15:36  High Templar x10  
  80  15:37  High Templar  
  80  15:39  Assimilator  
  80  15:42  Pylon, Archon x5  
  102  15:45  Pylon  
  85  16:05  Zealot x2  
  89  16:22  Probe x3  
  92  16:34  Probe x4  
  96  16:46  Probe x4  
  100  16:49  Nexus  
  100  16:56  Zealot x3  
  100  16:57  Zealot x6  
  100  16:58  Probe x2  
  120  17:07  Carrier  
  120  17:10  Probe  
  105  17:48  Zealot x7  
  105  17:49  Zealot x4  
  75  18:09  Zealot x5  
  75  18:10  Zealot x3  
  91  18:32  Carrier  
  91  18:38  Carrier  
  57  18:58  Carrier  
  55  19:13  Zealot  
  55  19:14  Zealot  
  48  19:28  Stalker  
  50  19:35  Probe  
  50  19:43  Probe  
  43  20:25  Dark Templar  
  43  20:26  Dark Templar x2  
Show
View Real Time Build Order
Export as new Build Order

Duceman Protoss - Winner!

Build Orders:  

Get SALT Encoding   

  12  0:01  Probe  
  13  0:13  Probe  
  14  0:18  Pylon  
  14  0:25  Probe  
  15  0:37  Probe  
  15  0:40  Gateway  
  16  0:49  Probe  
  17  0:50  Assimilator  
  17  0:57  Probe  
  18  1:05  Probe  
  18  1:10  Gateway  
  19  1:18  Probe  
  20  1:27  Cybernetics Core  
  20  1:43  Pylon  
  20  1:53  Assimilator  
  21  1:54  Probe  
  21  2:06  Probe  
  22  2:13  Pylon  
  22  2:15  Pylon  
  22  2:24  Probe  
  23  2:31  Stalker x2  
  27  2:45  Nexus  
  27  2:52  Probe  
  28  3:05  Stalker  
  28  3:06  Stalker  
  32  3:20  Probe  
  33  3:32  Probe  
  34  3:35  Stalker x2  
  38  3:44  Twilight Council, Probe  
  37  3:57  Probe  
  35  4:05  Probe  
  35  4:06  Probe  
  36  4:10  Warp Gate  
  36  4:14  Probe  
  36  4:19  Pylon  
  36  4:23  Probe x2  
  38  4:25  Dark Shrine  
  39  4:34  Pylon  
  39  4:35  Probe  
  40  4:46  Robotics Facility  
  40  4:54  Gateway  
  40  5:04  Gateway  
  40  5:10  Probe  
  40  5:11  Probe  
  42  5:24  Probe x2  
  44  5:37  Warp Prism  
  46  5:45  Probe  
  46  5:46  Probe  
  48  5:58  Probe x2  
  49  6:06  Probe  
  49  6:07  Probe  
  51  6:14  Probe  
  51  6:15  Probe  
  51  6:24  Probe x2  
  51  6:25  Dark Templar x4  
  63  6:36  Probe x2  
  65  6:41  Assimilator  
  65  6:45  Assimilator  
  65  6:51  Charge  
  57  7:10  Zealot x3  
  57  7:11  Zealot  
  57  7:14  Probe x2  
  67  7:25  Nexus, Pylon  
  67  7:26  Probe  
  67  7:27  Probe  
  67  7:28  Templar Archives  
  69  7:34  Gateway  
  69  7:35  Gateway  
  69  7:39  Pylon  
  69  7:40  Pylon  
  69  7:43  Immortal, Pylon  
  73  7:56  Probe x2  
  75  8:00  Dark Templar  
  77  8:13  Immortal, Probe  
  77  8:14  Probe  
  77  8:19  High Templar x2  
  83  8:20  Zealot  
  87  8:30  Probe x2  
  89  8:41  High Templar x2  
  89  8:42  Zealot  
  89  8:45  Zealot  
  97  8:50  Probe x2  
  97  8:51  Immortal, Probe  
  97  8:52  Gateway, Robotics Facility  
  104  8:58  Probe  
  104  8:59  Probe x2  
  105  9:09  Gateway  
  107  9:11  Gateway  
  107  9:21  Archon x2  
  107  9:24  High Templar x2  
  107  9:25  Zealot x3  
  117  9:32  Pylon  
  117  9:33  Pylon  
  117  9:35  Pylon  
  117  9:39  Pylon x2  
  117  9:44  Assimilator  
  117  9:49  Assimilator  
  117  9:50  Probe x3  
  120  9:53  Pylon  
  120  9:58  Pylon  
  120  10:10  Immortal  
  120  10:11  Immortal, Nexus  
  120  10:13  High Templar  
  120  10:14  High Templar  
  132  10:15  Zealot x3  
  132  10:18  High Templar  
  132  10:21  Zealot  
  142  10:23  Zealot  
  142  10:25  High Templar  
  146  10:45  Zealot x3  
  146  10:48  Zealot  
  146  10:49  High Templar  
  160  10:50  Immortal x2  
  160  10:52  Zealot  
  166  10:57  Forge  
  166  11:09  Archon x2  
  166  11:10  Archon  
  166  11:12  High Templar, Archon  
  166  11:14  Zealot  
  166  11:15  Zealot  
  172  11:21  Pylon  
  172  11:22  Pylon  
  172  11:24  Pylon  
  172  11:30  High Templar  
  174  11:34  Immortal x2  
  174  11:36  Zealot x3  
  188  11:46  Archon  
  188  11:49  Probe x3  
  188  11:50  Probe  
  192  12:01  Probe x2  
  192  12:02  Forge, Probe x2  
  192  12:04  Forge  
  192  12:07  Gateway, Protoss Ground Weapons Level 1, Protoss Shields Level 1, Protoss Ground Armor Level 1  
  196  12:10  Gateway  
  196  12:13  Gateway, Probe x2  
  196  12:14  Probe x2  
  200  12:41  Psionic Storm, Nexus  
  200  12:51  Assimilator  
  200  12:55  Assimilator  
  200  12:59  Pylon  
  200  13:12  Gateway  
  200  13:15  Gateway  
  200  13:17  Gateway  
  200  13:21  Robotics Facility x2  
  200  14:23  Protoss Ground Armor Level 2, Protoss Ground Weapons Level 2  
  184  14:31  Protoss Shields Level 2  
  154  14:34  Immortal x4  
  154  14:37  High Templar x5  
  154  14:38  High Templar x6  
  176  14:39  High Templar  
  176  14:40  Zealot  
  176  14:41  Zealot x2  
  174  15:06  Zealot x3  
  170  15:10  Zealot x3  
  170  15:11  Zealot x5  
  170  15:12  Zealot x4  
  170  15:13  Immortal  
  198  15:14  Archon x2  
  198  15:15  Archon x2  
  198  15:16  Archon x2  
  178  15:45  Zealot x5  
  178  15:46  Zealot x5  
  178  15:47  Zealot  
  196  16:05  Observer x2  
  196  16:06  Observer x2  
  180  16:48  Protoss Ground Weapons Level 3, Protoss Ground Armor Level 3  
  180  16:49  Protoss Shields Level 3  
  180  17:01  Assimilator  
  180  17:05  Zealot x5, Assimilator  
  180  17:06  Zealot x4  
  180  17:07  Zealot  
  182  17:55  Zealot  
  182  17:56  Zealot x6  
  182  17:57  Zealot x5  
  184  18:42  Stalker x5  
  184  18:43  Stalker x3  
  200  19:15  Stargate  
  200  19:16  Stargate  
  198  19:18  Stargate  
  198  19:25  Stargate  
  198  19:26  Zealot  
  198  19:27  Pylon  
  200  19:34  Robotics Facility  
  200  19:35  Protoss Air Weapons Level 1  
  200  19:40  Pylon  
  200  19:41  Pylon  
  200  19:43  Pylon  
  182  20:28  Fleet Beacon  
  142  21:01  Tempest x4  
  142  21:04  Observer  
  142  21:05  Observer x3  
  160  21:29  Zealot x2  
  160  21:30  Zealot x6  
  160  21:31  Zealot x4  
  160  21:32  Zealot x3  
Tags
 
League
GoldGold
Matchup
PvP
Replay Pack
20190221
Spawn Locations
Cross Positions
Add a new tag
Caveats
  • Supply blocks, unpowered buildings, or Contaminate may cause inaccurate times.
  • Supply counts are checked every 10 seconds.